 Dungeon Crawl Stone Soup version 0.26-a0-649-gf8c6c3aab7 (webtiles) character file.

Game seed: 8119405032478988642

2451 flotson the Fighter (level 9, -2/81 HPs)
             Began as a Gnoll Wanderer on Sept 26, 2020.
             Was a Follower of Fedhas.
             Slain by Harold
             ... wielding a +2 trident of flaming
              (8 damage)
             ... on level 7 of the Dungeon.
             The game lasted 00:15:46 (7490 turns).

flotson the Fighter (Gnoll Wanderer)                Turns: 7490, Time: 00:15:46

Health: -2/81      AC:  7    Str: 18    XL:     9   Next: 50%
Magic:  17/17      EV: 14    Int: 13    God:    Fedhas [*.....]
Gold:   427        SH:  0    Dex: 16    Spells: 16/16 levels left

rFire    . . .     SeeInvis .   a - +4 quarterstaff (chaos)
rCold    . . .     Faith    .   (shield currently unavailable)
rNeg     + . .     Spirit   .   H - +0 steam dragon scales
rPois    .         Reflect  .   (no helmet)
rElec    .         Harm     .   A - +0 cloak {rCorr}
rCorr    +         Rampage  .   (no gloves)
MR       .....                  (no boots)
Stlth    +.........             (no amulet)
HPRegen  0.23/turn              e - ring of flight
MPRegen  0.15/turn              F - ring of positive energy

@: confused, marked
A: distributed training, fangs 1, agile 1, high mp 1, weak 1, strong nose
a: Renounce Religion, Evoke Flight


You were on level 7 of the Dungeon.
You worshipped Fedhas.
Fedhas was aware of your devotion.
You visited 2 branches of the dungeon, and saw 8 of its levels.

You collected 427 gold pieces.

Inventory:

Hand Weapons
 a - a +4 quarterstaff of chaos (weapon)
 b - a +2 shortbow
 y - a +1 hunting sling of freezing
 G - a +0 broad axe
Missiles
 c - 116 arrows
 g - 78 sling bullets
 m - 21 poisoned darts (quivered)
Armour
 v - a +0 scale mail
 A - a +0 cloak of preservation (worn)
 H - +0 steam dragon scales (worn)
Jewellery
 e - a ring of flight (left hand)
 F - a ring of positive energy (right hand)
Wands
 d - a wand of flame (18)
 f - a wand of polymorph (5)
Scrolls
 i - a scroll of teleportation {unknown}
 j - 3 scrolls of amnesia
 n - a scroll of blinking {unknown}
 q - 4 scrolls of remove curse
 r - 2 scrolls of enchant weapon {unknown}
 t - 2 scrolls of fog {unknown}
 u - 2 scrolls of enchant armour {unknown}
 w - a scroll of noise {unknown}
 x - a scroll of fear {unknown}
 E - a scroll of immolation {unknown}
Potions
 k - a potion of mutation
 s - 2 potions of haste
 z - a potion of ambrosia
 C - a potion of cancellation
 D - a potion of berserk rage {unknown}


   Skills:
 + Level 11.1 Fighting
 + Level 4.3 Short Blades
 + Level 4.3 Long Blades
 + Level 4.3 Axes
 + Level 4.3 Maces & Flails
 + Level 4.3 Polearms
 + Level 4.3 Staves
 + Level 4.3 Slings
 + Level 7.9 Bows
 + Level 4.3 Crossbows
 + Level 5.1 Throwing
 + Level 4.3 Armour
 + Level 4.3 Dodging
 + Level 4.3 Stealth
 + Level 4.3 Shields
 + Level 4.3 Unarmed Combat
 + Level 4.3 Spellcasting
 + Level 3.5 Conjurations
 + Level 3.5 Hexes
 + Level 3.5 Summonings
 + Level 3.5 Necromancy
 + Level 3.5 Translocations
 + Level 3.5 Transmutations
 + Level 3.5 Fire Magic
 + Level 3.5 Ice Magic
 + Level 3.5 Air Magic
 + Level 3.5 Earth Magic
 + Level 3.5 Poison Magic
 + Level 4.7 Invocations
 + Level 5.1 Evocations


You had 16 spell levels left.
You didn't know any spells.
Your spell library contained the following spells:

 Spells                   Type           Power        Failure   Level
 Magic Dart               Conj           ##..         4%          1
 Searing Ray              Conj           ##....       7%          2
 Dazzling Flash           Conj/Hex       ##....       14%         3
 Fulminant Prism          Conj/Hex       ##........   43%         4
 Iskenderun's Mystic Bla  Conj/Tloc      ##......     43%         4


Dungeon Overview and Level Annotations

Branches:
Dungeon (7/15)             Temple (1/1) D:6

Altars:
Ashenzari
Cheibriados
Dithmenos
Elyvilon
Fedhas
Gozag
Hepliaklqana
Makhleb
Nemelex Xobeh
Okawaru
Qazlal
Ru
Sif Muna
Trog
Uskayaw
Vehumet
Wu Jian
Xom
Zin
The Shining One

Shops:
D:7 =

Annotations:
D:7 Harold, Joseph


Innate Abilities, Weirdness & Mutations

Your experience applies equally to all skills.
You have very sharp teeth.
Your uncanny sense of smell can sniff out nearby items.
You are agile. (Dex +2)
You have an increased reservoir of magic. (+10% MP)
You are weak. (Str -2)


Message History

Joseph hits you with a +0 quarterstaff.
You see here a sling bullet.
You bump into the rock wall.
Harold closely misses you.
You bump into the rock wall.
Joseph closely misses you.
Harold hits you with a +2 trident of flaming!!
* * * LOW HITPOINT WARNING * * *
Harold burns you!
* * * LOW HITPOINT WARNING * * *
The jackal bites you but does no damage.
You feel much better. The jackal barely misses you. Joseph closely misses you.
Harold hits you with a +2 trident of flaming!!
* * * LOW HITPOINT WARNING * * *
Harold burns you!
* * * LOW HITPOINT WARNING * * *
You are more confused.
You feel invigorated. The jackal closely misses you.
Joseph zaps a wand.
You easily resist.
Harold hits you with a +2 trident of flaming!
You die...
Fedhas appreciates your contribution to the ecosystem.

#..#
##.(.#####(##.##.#####
#....#..### #....##.#
####..#.##Kh.##
##...##.#####
#..........#..####
#)..........
......(.##
##[....####.###)......
#...S...
####.......##.......
#....c.##
####..............
#.......#
##.hh.######[).....
#.......## #@@####
##)...)..
#....h(.h######@##
#........
#....h#hh..K.[..#
#._......
#....<##h@#.....#
#........
#....(###.##(...#
##(..(....
.....h#.........#
###(...##.##
.#####..........#
###...#####.# .
#..........####.).###
#.#
#..#####.........###
#.#


You could see Harold, Joseph, a howler monkey and a jackal.

Vanquished Creatures
  Maggie (D:6)
  A hippogriff (D:4)
  Sigmund (D:6)
  Eustachio (D:5)
  A water moccasin (D:6)
  2 ice beasts
  2 phantoms (D:6)
  An ogre (D:6)
  A centaur (D:7)
  A big kobold (D:7)
  8 howler monkeys
  A jelly (D:7)
  3 hounds
  3 orc priests
  Crazy Yiuf (D:3)
  Jessica (D:2)
  3 orc wizards
  3 worker ants
  A killer bee zombie (D:5)
  A worker ant zombie (D:5)
  9 adders
  An ufetubus (D:6)
  2 adder skeletons
  3 worms
  2 dart slugs
  5 leopard geckos
  17 orcs
  3 ball pythons
  7 bats
  9 giant cockroaches
  15 goblins
  14 hobgoblins
  11 jackals
  15 kobolds
  A quokka (D:4)
  2 frilled lizards
  A leopard gecko skeleton (D:5)
  A leopard gecko zombie (D:6)
  A quokka skeleton (D:6)
  10 rats
166 creatures vanquished.

Notes
Turn   | Place    | Note
-------+----------+-------------------------------------------
     0 | D:1      | Reached skill level 10 in Fighting
     0 | D:1      | flotson the Gnoll Wanderer began the quest for the Orb.
     0 | D:1      | flotson set off with the following items: a +2 shortbow, 29
                  | arrows, a +0 hand axe, a potion of curing, a +0 robe
     0 | D:1      | Reached XP level 1. HP: 28/28 MP: 1/1
    84 | D:1      | Reached XP level 2. HP: 36/36 MP: 2/2
   570 | D:1      | Reached XP level 3. HP: 42/42 MP: 3/3
   824 | D:1      | Found a glowing golden altar of the Shining One.
  1044 | D:2      | Reached skill level 1 in Invocations
  1045 | D:2      | Noticed Jessica
  1047 | D:2      | Killed Jessica
  1047 | D:2      | Reached skill level 1 in Short Blades
  1047 | D:2      | Reached skill level 1 in Long Blades
  1047 | D:2      | Reached skill level 1 in Axes
  1047 | D:2      | Reached skill level 1 in Maces & Flails
  1047 | D:2      | Reached skill level 1 in Polearms
  1047 | D:2      | Reached skill level 1 in Staves
  1047 | D:2      | Reached skill level 1 in Slings
  1047 | D:2      | Reached skill level 1 in Crossbows
  1047 | D:2      | Reached skill level 1 in Armour
  1047 | D:2      | Reached skill level 1 in Dodging
  1047 | D:2      | Reached skill level 1 in Stealth
  1047 | D:2      | Reached skill level 1 in Shields
  1047 | D:2      | Reached skill level 1 in Unarmed Combat
  1047 | D:2      | Reached skill level 1 in Spellcasting
  1047 | D:2      | Reached XP level 4. HP: 48/48 MP: 5/5
  1123 | D:2      | Reached skill level 1 in Conjurations
  1123 | D:2      | Reached skill level 1 in Hexes
  1123 | D:2      | Reached skill level 1 in Summonings
  1123 | D:2      | Reached skill level 1 in Necromancy
  1123 | D:2      | Reached skill level 1 in Translocations
  1123 | D:2      | Reached skill level 1 in Transmutations
  1123 | D:2      | Reached skill level 1 in Fire Magic
  1123 | D:2      | Reached skill level 1 in Ice Magic
  1123 | D:2      | Reached skill level 1 in Air Magic
  1123 | D:2      | Reached skill level 1 in Earth Magic
  1123 | D:2      | Reached skill level 1 in Poison Magic
  1321 | D:2      | Found a broken altar of Ashenzari.
  1401 | D:2      | Reached XP level 5. HP: 54/54 MP: 6/6
  1716 | D:2      | Found a shimmering blue altar of Sif Muna.
  1757 | D:2      | Found a faded altar of an unknown god.
  2082 | D:3      | Found a hazy altar of Hepliaklqana.
  2618 | D:3      | Reached XP level 6. HP: 59/61 MP: 8/8
  2762 | D:3      | Found a sacrificial altar of Ru.
  2887 | D:3      | Found an iron altar of Okawaru.
  3102 | D:3      | Found a runed translucent door.
  3103 | D:3      | Noticed Crazy Yiuf
  3109 | D:3      | Killed Crazy Yiuf
  3571 | D:4      | Noticed a hippogriff
  3586 | D:4      | Killed a hippogriff
  3586 | D:4      | Reached XP level 7. HP: 43/67 MP: 10/10
  3863 | D:4      | Found a shadowy altar of Dithmenos.
  4298 | D:5      | Entered Level 5 of the Dungeon
  4535 | D:5      | Found a snail-covered altar of Cheibriados.
  5035 | D:5      | Noticed Eustachio
  5053 | D:5      | Killed Eustachio
  5053 | D:5      | Reached XP level 8. HP: 42/74 MP: 12/12
  5541 | D:6      | Noticed Sigmund
  5541 | D:6      | Noticed Maggie
  5575 | D:6      | Gained mutation: You have an increased reservoir of magic.
                  | (+10% MP) [potion of mutation]
  5575 | D:6      | Gained mutation: You are weak. (Str -2) [potion of
                  | mutation]
  5575 | D:6      | Gained mutation: You are agile. (Dex +2) [potion of
                  | mutation]
  5579 | D:6      | Killed Maggie
  5755 | D:6      | Killed Sigmund
  5755 | D:6      | Reached skill level 11 in Fighting
  5846 | D:6      | Found an opulent altar of Gozag.
  5955 | D:6      | Reached XP level 9. HP: 70/81 MP: 14/16
  6058 | D:6      | Found a staircase to the Ecumenical Temple.
  6094 | Temple   | Entered the Ecumenical Temple
  6145 | Temple   | Became a worshipper of Fedhas Madash
  6716 | D:7      | Found a burning altar of Makhleb.
  6735 | D:7      | Noticed Harold
  7088 | D:7      | Noticed Joseph
  7307 | D:7      | Found Pawk's Jewellery Boutique.
  7372 | D:7      | Reached skill level 5 in Throwing
  7372 | D:7      | Reached skill level 5 in Evocations
  7475 | D:7      | Reached * piety under Fedhas
  7488 | D:7      | HP: 1/81 [Harold/+2 trident of flaming (7)]
  7490 | D:7      | Slain by Harold

Illustrated notes

Levels and vault maps discovered:
D:1:      lightli_arrival_statuegarden, layout_loops_corners, tso_metal_star
D:2:      layout_loops_corners, marbit_many_paths, led_sif_pool,
          chequers_ecumenical_altar_simple_redux, uniq_jessica
D:3:      wad_crossroads, layout_basic, lemuel_round_altar,
          lemuel_crystal_altar, kennysheep_okawaru_gauntlet,
          uniq_crazy_yiuf_cottage
D:4:      layout_basic, kennysheep_mini_moat
D:5:      layout_loops_corners, cheibriados_altar_1, uniq_eustachio
D:6:      layout_basic, nicolae_gozag_cash_rules_everything_around_me,
          minmay_temple_entry_statues_fountains, uniq_sigmund, uniq_maggie
D:7:      layout_rooms, kennysheep_mini, serial_shops,
          nicolae_shop_temple_entry_statues_fountains, bloody_makhleb,
          uniq_joseph, uniq_harold
Temple:   dshaligram_water_room_temple

Skill      XL: |  1  2  3  4  5  6  7  8  9 |
---------------+----------------------------+-----
Fighting       | 11 | 11.1
Invocations    | 1 2 3 4 |  4.7
Short Blades   | 1 2 3 4 |  4.3
Long Blades    | 1 2 3 4 |  4.3
Axes           | 1 2 3 4 |  4.3
Maces & Flails | 1 2 3 4 |  4.3
Polearms       | 1 2 3 4 |  4.3
Staves         | 1 2 3 4 |  4.3
Slings         | 1 2 3 4 |  4.3
Crossbows      | 1 2 3 4 |  4.3
Armour         | 1 2 3 4 |  4.3
Dodging        | 1 2 3 4 |  4.3
Stealth        | 1 2 3 4 |  4.3
Shields        | 1 2 3 4 |  4.3
Unarmed Combat | 1 2 3 4 |  4.3
Spellcasting   | 1 2 3 4 |  4.3
Conjurations   | 1 2 3 |  3.5
Hexes          | 1 2 3 |  3.5
Summonings     | 1 2 3 |  3.5
Necromancy     | 1 2 3 |  3.5
Translocations | 1 2 3 |  3.5
Transmutations | 1 2 3 |  3.5
Fire Magic     | 1 2 3 |  3.5
Ice Magic      | 1 2 3 |  3.5
Air Magic      | 1 2 3 |  3.5
Earth Magic    | 1 2 3 |  3.5
Poison Magic   | 1 2 3 |  3.5
Throwing       | 3 4 5 |  5.1
Evocations     | 3 4 5 |  5.1
Bows           | 7 |  7.9

Action                   |  1- 3 |  4- 6 |  7- 9 || total
-------------------------+-------+-------+-------++-------
Melee: Quarterstaff      |       |    32 |   168 ||   200
       Bite              |       |     3 |    20 ||    23
       Hunting sling     |       |     1 |       ||     1
 Fire: Shortbow          |    83 |    91 |     9 ||   183
       Hunting sling     |       |    86 |       ||    86
Throw: Dart              |       |    29 |     6 ||    35
  Use: Potion            |       |       |     7 ||     7
       Scroll            |       |       |     7 ||     7
 Stab: Paralysed         |       |       |     1 ||     1
       Confused          |       |       |     1 ||     1
Armor: Ring mail         |     6 |    30 |       ||    36
       Scale mail        |       |    37 |    46 ||    83
       Steam dragon scal |       |       |    28 ||    28
Dodge: Dodged            |     7 |    88 |   158 ||   253

Table legend: (Time is in decaauts)
 A = Elapsed time spent in this place.
 B = Non-inter-level travel time spent in this place.
 C = Inter-level travel time spent in this place.
 D = Time resting spent in this place.
 E = Time spent auto-exploring this place.
 F = Levels seen in this place.
 G = Mean time per level.
                   A        B        C        D        E       F      G
               +--------+--------+--------+--------+--------+-----+--------+
         Total |   7516 |   7185 |    331 |    691 |   5252 |   8 |  939.5 |
       Dungeon |   7455 |   7133 |    322 |    691 |   5209 |   7 | 1065.0 |
        Temple |     60 |     51 |      9 |      0 |     43 |   1 |   60.0 |
               +--------+--------+--------+--------+--------+-----+--------+

Top non-repeatable levels by time:
     D:6: 1701 daAuts
     D:2: 1327 daAuts
     D:5: 1012 daAuts
     D:4: 1006 daAuts
     D:3: 1003 daAuts
     D:1: 969 daAuts
     D:7: 433 daAuts
  Temple: 60 daAuts
